 Dungeon Crawl Stone Soup version 0.31-a0-117-g42d8f58691 (webtiles) character file.

Game seed: 16450947092318794710

76129 CowFu the Fighter (level 15, -3/139 HPs)
             Began as a Minotaur Fighter on May 30, 2023.
             Was the Champion of Okawaru.
             Slain by an ice devil (15 damage)
             ... summoned by an orc high priest
             ... on level 2 of the Orcish Mines.
             The game lasted 00:40:52 (25486 turns).

CowFu the Fighter (Minotaur Fighter)               Turns: 25486, Time: 00:40:53

Health: -3/139     AC:  0    Str: 45    XL:     15   Next: 11%
Magic:  5/22       EV: 13    Int:  5    God:    Okawaru [******]
Gold:   1204       SH:  8    Dex: 11    Spells: 14/14 levels left

rFire   + . .        y - +3 scimitar (flame)
rCold   + . .        s - +2 buckler
rNeg    . . .        G - +8 chain mail "Pudamy" {rPois Str+4}
rPois   +            d - +0 hat {Will+}
rElec   .            j - scarf {rC+ rF+}
rCorr   .            f - +2 pair of gloves {infuse}
SInv    .            M - +2 pair of boots "Dadoqazo" {Str+2}
Will    ++...        (no amulet) Stlth
                     D - +6 ring of strength
HPRegen 0.43/turn    A - +6 ring of strength
MPRegen 0.18/turn

%: infuse magic (1 MP)
@: about to teleport, spiked, corroded, studying Unarmed Combat
A: horns 2, retaliatory headbutt
a: Renounce Religion, Heroism, Finesse, Duel


You were on level 2 of the Orcish Mines.
You worshipped Okawaru.
Okawaru was exalted by your worship.
You visited 4 branches of the dungeon, and saw 18 of its levels.
You also visited: Gauntlet.

You collected 1398 gold pieces.
You spent 194 gold pieces at shops.

Inventory:

Hand Weapons
 a - a +4 scimitar of protection
 b - the +8 rapier "Lomez" {freeze, Fly rF+++ Will- Str+2}
   (You took it off a kobold brigand on level 9 of the Dungeon)

   Str:       It affects your strength (+2).
   rF:        It renders you almost immune to fire.
   Fly:       It grants you flight.
   Will:      It decreases your willpower.
 h - the +6 great sword of the Glimmering Wasp {freeze, Contam +Blink rPois Str+2}
   (Okawaru gifted it to you on level 3 of the Lair of Beasts)

   Str:       It affects your strength (+2).
   rPois:     It protects you from poison.
   +Blink:    It lets you blink.
   Contam:    It causes magical contamination when unequipped.
 y - a +3 scimitar of flaming (weapon)
 V - a +2 heavy triple sword
Missiles
 I - 3 throwing nets (quivered)
Armour
 d - a +0 hat of willpower (worn)
 f - a +2 pair of gloves of infusion (worn)
 j - a scarf of resistance (worn)
 s - a +2 buckler (worn)
 G - the +8 chain mail "Pudamy" (worn) {rPois Str+4}
   (Okawaru gifted it to you on level 1 of the Lair of Beasts)

   Str:       It affects your strength (+4).
   rPois:     It protects you from poison.
 L - the +0 robe of Polish {*Corrode rF+ Str+3}
   (Okawaru gifted it to you in a Gauntlet)

   Str:       It affects your strength (+3).
   rF:        It protects you from fire.
   *Corrode:  It may corrode you when you take damage.
 M - the +2 pair of boots "Dadoqazo" (worn) {Str+2}
   (You found it in a Gauntlet)

   Str:       It affects your strength (+2).
 Q - a +3 plate armour of positive energy
Jewellery
 e - a ring of poison resistance
 x - a ring of resist corrosion
 A - a +6 ring of strength (right hand)
 D - a +6 ring of strength (left hand)
 E - the ring of Hytuprin {rPois rC+ Will- rCorr MP+9}
   (You found it in a Gauntlet)

   [ring of resist corrosion]

   rC:        It protects you from cold.
   rPois:     It protects you from poison.
   MP:        It affects your magic capacity (+9).
   rCorr:     It protects you from acid and corrosion.
   Will:      It decreases your willpower.
 P - a +4 ring of protection
 T - a +5 ring of evasion
Wands
 c - a wand of light (9)
 o - a wand of charming (12)
 q - a wand of polymorph (27)
 t - a wand of mindburst (21)
 F - a wand of iceblast (19)
 N - a wand of digging (4)
 S - a wand of flame (8)
Scrolls
 g - 2 scrolls of enchant weapon
 i - 6 scrolls of teleportation
 m - 2 scrolls of immolation
 n - 2 scrolls of identify
 u - 2 scrolls of magic mapping
 B - 2 scrolls of fog
 H - a scroll of enchant armour
 J - a scroll of torment
 O - a scroll of brand weapon
 W - 2 scrolls of poison {unknown}
Potions
 k - 2 potions of lignification
 p - 2 potions of resistance
 r - a potion of might
 v - 4 potions of haste
 w - 3 potions of attraction
 z - 2 potions of invisibility
 C - a potion of curing
 R - a potion of brilliance {unknown}
Miscellaneous
 U - a box of beasts
 X - a phantom mirror


   Skills:
 + Level 14.6 Fighting
 - Level 14.0 Long Blades
 + Level 14.5 Armour
 - Level 10.0 Dodging
 - Level 10.0 Shields
 + Level 11.4 Invocations
 - Level 8.0 Evocations


You had 14 spell levels left.
You didn't know any spells.
Your spell library contained the following spells:

 Spells                   Type           Power      Damage    Failure   Level
 Freeze                   Ice            0%         1d3       75%         1
 Magic Dart               Conj           0%         1d3       75%         1
 Cigotuvi's Dreadful Rot  Necr/Pois/Air  0%         N/A       87%         2
 Ensorcelled Hibernation  Hex/Ice        0%         N/A       87%         2
 Passwall                 Tmut/Erth      0%         N/A       87%         2
 Dazzling Flash           Conj/Hex       0%         N/A       98%         3
 Frozen Ramparts          Ice            0%         1d1       98%         3
 Hailstorm                Conj/Ice       0%         3d3       98%         3
 Ignite Poison            Fire/Tmut/Pois 0%         N/A       98%         3
 Mephitic Cloud           Conj/Pois/Air  0%         N/A       98%         3
 Ozocubu's Armour         Ice            0%         N/A       98%         3
 Swiftness                Air            0%         N/A       98%         3
 Volatile Blastmotes      Fire/Tloc      0%         2d10      98%         3
 Ice Form                 Ice/Tmut       0%         N/A       100%        4
 Iskenderun's Mystic Bla  Conj/Tloc      0%         2d3       100%        4
 Passage of Golubria      Tloc           0%         N/A       100%        4
 Borgnjor's Vile Clutch   Necr/Erth      0%         N/A       100%        5
 Fireball                 Conj/Fire      0%         3d3       100%        5
 Freezing Cloud           Conj/Ice/Air   0%         6-21      100%        5
 Iskenderun's Battlesphe  Conj           0%         2d6       100%        5
 Silence                  Hex/Air        0%         N/A       100%        5
 Conjure Ball Lightning   Conj/Air       0%         3x3d6     100%        6
 Starburst                Conj/Fire      0%         6d3       100%        6
 Orb of Destruction       Conj           0%         9d5       100%        7
 Ozocubu's Refrigeration  Ice            0%         4d7       100%        7
 Lehudib's Crystal Spear  Conj/Erth      0%         10d2      100%        8
 Call Imp                 Summ           Unusable   N/A       N/A         2
 Animate Dead             Necr           Unusable   N/A       N/A         4
 Death Channel            Necr           Unusable   N/A       N/A         6
 Simulacrum               Ice/Necr       Unusable   N/A       N/A         6

Dungeon Overview and Level Annotations

Branches:
Dungeon (10/15)            Temple (1/1) D:6            Lair (5/5) D:9
  Swamp (0/4) Lair:2        Snake (0/4) Lair:3        Slime (0/5) Lair:5
    Orc (2/2) D:10            Elf (0/3) Orc:2       Gauntlet (visited)

Altars:
Ashenzari
Cheibriados
Dithmenos
Elyvilon
Fedhas
Gozag
Hepliaklqana
Kikubaaqudgha
Makhleb
Nemelex Xobeh
Okawaru
Qazlal
Ru
Sif Muna
Trog
Uskayaw
Vehumet
Wu Jian
Xom
Yredelemnul
Zin
The Shining One
Jiyva

Shops:
D:4 *   Orc:2 =**

Portals:
Trove: D:10 (give 5 scrolls of blinking)

Annotations:
Lair:2 2 runed translucent doors, Xenemn's ghost, journeyman TrFi
Lair:5 1 runed translucent door, exclusion: obsidian statue


Innate Abilities, Weirdness & Mutations

You have a pair of horns on your head.
You reflexively headbutt those who attack you in melee.


Message History

You hit the orc high priest but do no damage.
The orc high priest is moderately wounded.
The orc high priest hits you with a +0 mace.
* * * LOW HITPOINT WARNING * * *
The ice devil barely misses you. You furiously retaliate!
You headbutt the ice devil, but do no damage.
Okay, then.
Okay, then.
Okay, then.
Okay, then.
Press: ? - help, v - describe, . - travel
Here: an ice devil (lightly wounded, summoned)
The floor, spattered with blood.
Okay, then.
You feel better. The orc high priest barely misses you.
You furiously retaliate!
You headbutt the orc high priest! The ice devil closely misses you.
As you read the scroll of teleportation, it crumbles to dust.
You feel strangely unstable.
The orc high priest mumbles some strange prayers to Beogh.
The ice devil hits you.
* * * LOW HITPOINT WARNING * * *
The ice devil freezes you. You resist.
* * * LOW HITPOINT WARNING * * *
You feel better.
The red devil disappears in a puff of smoke!
The orc high priest closely misses you. You block the sun demon's attack.
The ice devil hits you.
* * * LOW HITPOINT WARNING * * *
The ice devil freezes you! You resist.
* * * LOW HITPOINT WARNING * * *
The orange demon closely misses you. You furiously retaliate!
You headbutt the orange demon, but do no damage.
You block the orange demon's attack.
You feel better.
The orc high priest mumbles some strange prayers to Beogh against you.
Beogh smites you!
* * * LOW HITPOINT WARNING * * *
You block the sun demon's attack. The ice devil hits you!
You die...

##.....## #.. §.
##.......## #.. ...
#.........# #.. ....
#..8._.8..# ##. ....#
#.........# ##. .....##
##.......#####))
#......####.....####...)
#....o44.##8.8##.......
#...)@)).#...#........
##..3................#
##.........))).....##
###.....8.8..)..###.
###.....)...###...
..##.......##.....
..................
......8.8.......##
##.........#####


You could see an orc high priest, a sun demon (summoned), an orange demon
(summoned) and an ice devil (summoned).

Vanquished Creatures
  Gastronok (D:10)
  An orc warlord (Orc:2)
  3 dire elephants (Lair:5)
  A minotaur (Gauntlet)
  4 hydras
  3 centaur warriors (D:9)
  2 catoblepae (Lair:4)
  5 two-headed ogres (Orc:2)
  A boulder beetle (Lair:3)
  14 death yaks
  An orc high priest (Orc:2)
  A fire crab (Gauntlet)
  2 skysharks
  2 bog bodies (Lair:2)
  A spectral anaconda (Lair:5)
  2 wizards (Gauntlet)
  4 necromancers (Lair:5)
  A lindwurm (Lair:2)
  3 orc knights (Orc:2)
  An oklob plant (Lair:4)
  3 orc sorcerers (Orc:2)
  15 elephants
  Joseph (D:9)
  2 black mambas
  A gargoyle (D:10)
  11 cane toads
  A torpor snail (Lair:5)
  A kobold demonologist (D:9)
  5 rime drakes
  An efreet (D:9)
  3 komodo dragons
  7 trolls
  2 polar bears
  14 blink frogs
  A hornet (D:9)
  4 dream sheep (Lair:3)
  2 slime creatures (D:9)
  A shadow (D:9)
  Sigmund (D:5)
  12 wyverns
  A dire elephant simulacrum (Lair:5)
  35 yaks
  A wraith (D:6)
  3 steam dragons
  4 fire bats (Gauntlet)
  8 basilisks
  A death yak simulacrum (Lair:5)
  8 wargs
  Menkaure (D:7)
  A spectral cane toad (Lair:5)
  Edmund (D:5)
  An acid dragon (D:9)
  20 water moccasins
  2 hell hounds (Gauntlet)
  46 orc warriors
  6 black bears
  2 ice beasts (D:5)
  An elephant zombie (Lair:5)
  8 centaurs
  18 wolves
  13 ogres
  3 phantoms
  2 kobold brigands (D:9)
  14 bullfrogs
  2 scorpions
  2 gnoll sergeants
  19 wights
  22 killer bees
  An elephant simulacrum (Lair:5)
  4 howler monkeys
  3 electric eels
  A crimson imp (D:6)
  28 orc priests
  Crazy Yiuf (D:5)
  A jelly (D:4)
  7 hounds
  3 sleepcaps
  Jessica (D:3)
  3 iguanas
  18 orc wizards
  Natasha (thrice) (D:2)
  7 hell rats (Lair:5)
  2 hound zombies (D:3)
  Robin (D:2)
  11 adders
  9 gnolls
  5 shadow imps
  A white imp (Gauntlet)
  An ufetubus (D:5)
  An adder zombie (D:3)
  A worm (D:3)
  73 orcs
  2 bats (D:1)
  5 endoplasms
  2 giant cockroaches (D:2)
  11 hobgoblins
  10 jackals
  13 kobolds
  5 quokkas
  12 ball pythons
  4 frilled lizards
  15 goblins
  4 rats
  A spectral kobold (D:5)
656 creatures vanquished.

Vanquished Creatures (others)
  An orc (Orc:2)
1 creature vanquished.

Grand Total: 657 creatures vanquished

Notes
Turn   | Place    | Note
-------+----------+-------------------------------------------
     0 | D:1      | CowFu the Minotaur Fighter began the quest for the Orb.
     0 | D:1      | Reached XP level 1. HP: 19/19 MP: 0/0
   193 | D:1      | Reached XP level 2. HP: 27/27 MP: 1/1
   290 | D:1      | Reached skill level 1 in Dodging
   418 | D:1      | Found a faded altar of an unknown god.
   419 | D:1      | You fall into a shaft and drop 1 floor!
   511 | D:2      | Noticed Natasha
   520 | D:2      | Killed Natasha
   521 | D:2      | Reached XP level 3. HP: 12/33 MP: 2/2
   546 | D:2      | Noticed Natasha
   552 | D:2      | Killed Natasha
   553 | D:2      | Reached XP level 4. HP: 20/40 MP: 3/3
  1241 | D:2      | Noticed Robin
  1261 | D:2      | Killed Robin
  1557 | D:2      | Noticed Natasha
  1563 | D:2      | Killed Natasha
  1564 | D:2      | Reached XP level 5. HP: 36/47 MP: 4/4
  1852 | D:3      | Noticed Jessica
  1864 | D:3      | Killed Jessica
  2095 | D:3      | Found a stormy altar of Qazlal.
  2378 | D:3      | Reached skill level 5 in Shields
  2378 | D:3      | Reached XP level 6. HP: 49/55 MP: 5/5
  2486 | D:3      | Found a bloodstained altar of Trog.
  2680 | D:3      | Reached skill level 5 in Fighting
  2680 | D:3      | Reached skill level 5 in Armour
  2959 | D:4      | Reached skill level 5 in Long Blades
  2959 | D:4      | Reached XP level 7. HP: 43/61 MP: 6/6
  3330 | D:4      | Found Azihytot's General Store.
  3335 | D:4      | Bought a potion of resistance for 110 gold pieces
  3672 | D:5      | Entered Level 5 of the Dungeon
  3678 | D:5      | Noticed Edmund
  3701 | D:5      | Killed Edmund
  3702 | D:5      | Reached skill level 5 in Dodging
  3892 | D:5      | Found a radiant altar of Vehumet.
  3989 | D:5      | Reached XP level 8. HP: 45/68 MP: 7/7
  4498 | D:5      | Found a hazy altar of Hepliaklqana.
  4982 | D:5      | Reached skill level 10 in Long Blades
  5021 | D:5      | Noticed Sigmund
  5065 | D:5      | Killed Sigmund
  5508 | D:5      | Found a runed translucent door.
  5508 | D:5      | Noticed Crazy Yiuf
  5622 | D:5      | Killed Crazy Yiuf
  5675 | D:6      | Found a white marble altar of Elyvilon.
  5866 | D:6      | Reached XP level 9. HP: 73/74 MP: 8/8
  5927 | D:6      | Found a staircase to the Ecumenical Temple.
  5943 | Temple   | Entered the Ecumenical Temple
  6171 | Temple   | Became a worshipper of Warmaster Okawaru
  6591 | D:6      | Found a burning altar of Makhleb.
  6737 | D:7      | Noticed Menkaure
  6748 | D:7      | Killed Menkaure
  7019 | D:7      | Reached * piety under Okawaru
  7580 | D:8      | Reached skill level 1 in Invocations
  7583 | D:8      | Reached skill level 1 in Evocations
  7693 | D:8      | Reached XP level 10. HP: 70/80 MP: 10/10
  7700 | D:8      | Reached ** piety under Okawaru
  8690 | D:9      | Noticed Joseph
  8699 | D:9      | Killed Joseph
  8716 | D:9      | Identified the +0 ring mail of Resonance {Harm}
  8935 | D:9      | Found an ancient bone altar of Kikubaaqudgha.
  9171 | D:9      | Reached *** piety under Okawaru
  9348 | D:9      | Identified the +8 rapier "Lomez" {freeze, Fly rF+++ Will-
                  | Str+2}
  9552 | D:9      | Reached **** piety under Okawaru
  9934 | D:9      | Reached XP level 11. HP: 75/92 MP: 12/12
  9944 | D:9      | Noticed a centaur warrior
  9956 | D:9      | Killed a centaur warrior
 10071 | D:9      | Found a staircase to the Lair.
 10129 | D:9      | Found a shadowy altar of Dithmenos.
 10232 | D:9      | Reached ***** piety under Okawaru
 10360 | D:9      | Noticed a centaur warrior
 10360 | D:9      | Noticed a centaur warrior
 10360 | D:9      | Noticed a centaur warrior
 10366 | D:9      | HP: 3/92 [centaur warrior/arrow (22)]
 10372 | D:9      | Identified the +3 broad axe of Chaos {venom, Stlth+}
 10397 | D:10     | Entered Level 10 of the Dungeon
 10653 | D:10     | Found a glowing golden altar of the Shining One.
 10660 | D:10     | Noticed Gastronok
 10671 | D:10     | Killed Gastronok
 10777 | D:10     | Found a staircase to the Orcish Mines.
 10784 | D:10     | Received a gift from Okawaru
 11216 | D:10     | Found a portal to a secret trove of treasure.
 11419 | D:10     | Found an opulent altar of Gozag.
 11610 | D:9      | Killed a centaur warrior
 11628 | D:9      | Killed a centaur warrior
 11629 | D:9      | Reached skill level 5 in Invocations
 11749 | D:9      | Identified the +1 scimitar of Tiun {chaos, Str+2}
 11752 | D:9      | Identified the staff of fire "Witoteu" {rF+ rC+ Dex+2}
 11810 | D:9      | Noticed a soul eater
 12236 | Lair:1   | Entered Level 1 of the Lair of Beasts
 12439 | Lair:1   | Reached skill level 5 in Evocations
 12462 | Lair:1   | Reached XP level 12. HP: 32/103 MP: 0/15
 12728 | Lair:1   | Identified the +8 chain mail "Pudamy" {rPois Str+4}
                  | (Okawaru gifted it to you on level 1 of the Lair of Beasts)
 12728 | Lair:1   | Received a gift from Okawaru
 13730 | Lair:2   | Found a large runed translucent door.
 13731 | Lair:2   | Found a large runed translucent door.
 13732 | Lair:2   | Noticed Xenemn's ghost (journeyman TrFi)
 14397 | Lair:2   | Found a staircase to the Swamp.
 15602 | Lair:3   | Found a gate leading to a gauntlet.
 15622 | Lair:3   | Reached skill level 10 in Fighting
 15630 | Lair:3   | Reached skill level 10 in Armour
 15630 | Lair:3   | Reached skill level 10 in Shields
 15647 | Gauntlet | Entered a Gauntlet
 15647 | Gauntlet | Found a transporter.
 15743 | Gauntlet | Found a runed translucent door.
 15755 | Gauntlet | Found a transporter.
 15757 | Gauntlet | Found a transporter.
 15760 | Gauntlet | Found a transporter.
 15760 | Gauntlet | Found a transporter.
 15761 | Gauntlet | Found a transporter.
 15769 | Gauntlet | Found a transporter.
 15777 | Gauntlet | Found a transporter.
 15838 | Gauntlet | Found a transporter.
 15840 | Gauntlet | Found a runed translucent door.
 15850 | Gauntlet | Found a transporter.
 15854 | Gauntlet | Found a transporter.
 15864 | Gauntlet | Found a transporter.
 15935 | Gauntlet | Reached ****** piety under Okawaru
 15936 | Gauntlet | Identified the +0 robe of Polish {*Corrode rF+ Str+3}
                  | (Okawaru gifted it to you in a Gauntlet)
 15936 | Gauntlet | Received a gift from Okawaru
 15954 | Gauntlet | Identified the +2 pair of boots "Dadoqazo" {Str+2}
 16040 | Gauntlet | Reached XP level 13. HP: 106/113 MP: 8/17
 16058 | Gauntlet | Identified the ring of Hytuprin {rPois rC+ Will- rCorr
                  | MP+9}
 16151 | Gauntlet | Found the +9 staff of Olgreb {rPois∞}
 16151 | Gauntlet | Noticed a minotaur
 16169 | Gauntlet | Killed a minotaur
 16174 | Gauntlet | Identified the staff of poison "Taken" {rPois rF- rC++
                  | Str+3}
 16540 | Lair:3   | Found a staircase to the Snake Pit.
 16855 | Lair:3   | Reached skill level 10 in Dodging
 18005 | Lair:3   | Identified the +6 great sword of the Glimmering Wasp
                  | {freeze, Contam +Blink rPois Str+2} (Okawaru gifted it to
                  | you on level 3 of the Lair of Beasts)
 18005 | Lair:3   | Received a gift from Okawaru
 19472 | Lair:5   | Entered Level 5 of the Lair of Beasts
 19554 | Lair:5   | Received a gift from Okawaru
 19856 | Lair:5   | Found a runed translucent door.
 19877 | Lair:5   | Found a viscous altar of Jiyva.
 19878 | Lair:5   | Found a staircase to the Slime Pits.
 19878 | Lair:5   | Noticed an azure jelly
 19878 | Lair:5   | Noticed an azure jelly
 19900 | Lair:5   | Reached XP level 14. HP: 123/126 MP: 8/19
 20782 | Lair:5   | Reached skill level 10 in Invocations
 21848 | Lair:5   | Received a gift from Okawaru
 22684 | Orc:1    | Entered Level 1 of the Orcish Mines
 22812 | Orc:2    | Entered Level 2 of the Orcish Mines
 23600 | Orc:2    | Received a gift from Okawaru
 23877 | Orc:2    | Identified the +7 quarterstaff "Pava Iky" {venom, rC++
                  | Str+3}
 24523 | Orc:2    | Found a staircase to the Elven Halls.
 24728 | Orc:2    | Found Wasizapn's General Store.
 24735 | Orc:2    | Reached XP level 15. HP: 137/139 MP: 16/22
 24805 | Orc:2    | Found Viewebith's General Store.
 24857 | Orc:2    | Bought 2 potions of curing for 84 gold pieces
 25319 | Orc:2    | Found Waxup's Jewellery Boutique.
 25442 | Orc:2    | Received a gift from Okawaru
 25486 | Orc:2    | Slain by an ice devil

Illustrated notes

Levels and vault maps discovered:
D:1:      elethiomel_arrival_shortcut, layout_loops_ring,
          shapermc_ecumenical_altar_pompeii, chequers_serial_rivers_micro_a,
          minmay_crystal_water, solitary_fountain
D:2:      layout_loops_ring, grunt_ministairs_11, uniq_natasha, uniq_robin
D:3:      layout_loops_corners, nicolae_qazlal_eye_of_the_storm, bloody_trog,
          serial_undead, serial_undead_c, serial_undead_c, serial_undead_f,
          serial_undead_d, serial_bayou_ford_a, uniq_jessica
D:4:      layout_loops_ring, serial_shops, nicolae_shop_just_a_little_nook,
          kennysheep_small_circle
D:5:      layout_layer_cave, fiery_altar_vehumet,
          nicolae_hepliaklqana_monster_ancestors, serial_rivers,
          chequers_serial_rivers_large_b, chequers_serial_rivers_micro_e,
          chequers_serial_rivers_small_b, chequers_serial_rivers_micro_e,
          minmay_manual_moon, uniq_edmund, uniq_sigmund, uniq_crazy_yiuf_cottage
D:6:      layout_basic, makhleb_grotto_becter, mainiacjoe_overflow_alcove_1,
          minmay_temple_entry_trees, hangedman_decor_points
D:7:      layout_rooms, serial_bayou_lagoon_b, uniq_menkaure
D:8:      layout_basic, minmay_misc_feat_enclosed
D:9:      minmay_the_grid_octo_tiled_octocenter [minmay_the_grid_octo_toaster,
          minmay_the_grid_octo_tetromino_candy,
          minmay_the_grid_octo_thin_diamonds, minmay_the_grid_octo_fat_diamond,
          minmay_the_grid_octo_prize_big_c,
          minmay_the_grid_square_5x5_doubleslash,
          minmay_the_grid_square_5x5_minivault,
          minmay_the_grid_square_5x5_longway, minmay_the_grid_square_5x5_inset],
          layout_stronghold, grunt_dithmenos_smoke, kennysheep_mini_moat,
          uniq_joseph
D:10:     layout_roguey, kennysheep_little_box, lemuel_round_altar,
          minmay_orc_entry_guard_dogs, nicolae_trove_entry_crystal,
          minmay_misc_feat_iff, amcnicky_mini_corridor_feature, uniq_gastronok
Temple:   nicolae_temple_bog_church
Lair:1:   layout_chaotic_city, grunt_megastairs_4
Lair:2:   layout_layer_cave, skrybe_swamp_entry_bodies,
          ebering_ghost_disaster_area, gammafunk_lair_bear_cave,
          infiniplex_staircase_pool
Lair:3:   layout_regular_city, minmay_snake_entry_six_corridors,
          gauntlet_entry_generic, serial_bayou_shore_a
Lair:4:   layout_cave_shapes, wad_woods_road_04, grunt_megastairs_2
Lair:5:   due_jungle_book, layout_gridlike, slime_entry_2, special_room
          [special_room_mythical_zoo]
Orc:1:    layout_diamond_mine
Orc:2:    pubby_orc_utopia

Skill      XL: |  1  2  3  4  5  6  7  8  9 10 11 12 13 14 |
---------------+-------------------------------------------+-----
Dodging        | 1 2 4 5 6 8 9 10 | 10.0
Shields        | 4 5 7 8 10 | 10.0
Fighting       | 4 5 7 8 10 12 14 | 14.6
Long Blades    | 3 5 7 11 14 | 14.0
Armour         | 4 5 7 8 10 12 14 | 14.5
Invocations    | 1 3 5 7 9 11 | 11.4
Evocations     | 1 3 5 6 8 |  8.0

Action                     |  1- 3 |  4- 6 |  7- 9 | 10-12 | 13-15 || total
---------------------------+-------+-------+-------+-------+-------++-------
  Melee: Long sword        |    46 |   185 |   154 |       |       ||   385
         Headbutt          |     6 |    24 |    48 |   157 |   348 ||   583
         Scimitar          |       |       |   215 |   738 |  1125 ||  2078
         Rapier            |       |       |       |     4 |       ||     4
 Invoke: Heroism           |       |       |       |     2 |     2 ||     4
         Finesse           |       |       |       |       |     1 ||     1
    Use: Potion            |       |     1 |     1 |     4 |     8 ||    14
         Scroll            |       |       |       |    24 |     3 ||    27
   Stab: Petrified         |       |       |       |       |     1 ||     1
 Armour: Scale mail        |    22 |    85 |    14 |       |       ||   121
         Ring mail         |       |       |    92 |   186 |       ||   278
         Chain mail        |       |       |       |   113 |   563 ||   676
  Dodge: Dodged            |    24 |    78 |   184 |   355 |   483 ||  1124
  Block: Buckler           |    13 |    42 |    88 |   267 |   381 ||   791

Table legend: (Time is in decaauts)
 A = Elapsed time spent in this place.
 B = Non-inter-level travel time spent in this place.
 C = Inter-level travel time spent in this place.
 D = Time resting spent in this place.
 E = Time spent auto-exploring this place.
 F = Levels seen in this place.
 G = Mean time per level.
                   A        B        C        D        E       F      G
               +--------+--------+--------+--------+--------+-----+--------+
         Total |  25117 |  24394 |    723 |      0 |  20021 |  19 | 1321.9 |
       Dungeon |  12040 |  11597 |    443 |      0 |   9594 |  10 | 1204.0 |
        Temple |    252 |    238 |     14 |      0 |    197 |   1 |  252.0 |
          Lair |   9405 |   9148 |    257 |      0 |   7611 |   5 | 1881.0 |
  Orcish Mines |   2690 |   2682 |      8 |      0 |   2034 |   2 | 1345.0 |
      Gauntlet |    728 |    728 |      0 |      0 |    583 |   1 |  728.0 |
               +--------+--------+--------+--------+--------+-----+--------+

Top non-repeatable levels by time:
  Lair:5: 2972 daAuts
   Orc:2: 2566 daAuts
     D:9: 2318 daAuts
  Lair:2: 2070 daAuts
     D:5: 2033 daAuts
  Lair:3: 1877 daAuts
  Lair:4: 1284 daAuts
     D:8: 1227 daAuts
  Lair:1: 1201 daAuts
    D:10: 1191 daAuts
     D:3: 1100 daAuts
     D:2: 1011 daAuts
     D:1: 869 daAuts
     D:6: 784 daAuts
     D:4: 767 daAuts
